[Event "RUS-ch Men Blitz 2019"]
[Site "Sochi"]
[Date "2019.10.17"]
[Round "7.1"]
[White "Drygalov, Andrey"]
[Black "Sakaev, Konstantin"]
[Result "1/2-1/2"]
[ECO "B90"]
[WhiteElo "2484"]
[BlackElo "2595"]
[Annotator "ChessBase"]
[PlyCount "44"]
[EventDate "2019.10.17"]
[EventType "swiss"]
[EventCountry "RUS"]
[SourceTitle "playchess.com"]
[Source "ChessBase"]
[SourceQuality "1"]
[TimeControl "180+2"]

1. e4 c5 2. Nf3 d6 3. d4 cxd4 4. Nxd4 Nf6 5. Nc3 a6 6. Be3 e5 7. Nb3 Be6 8. f3 h5 9. Qd2 Nbd7 10. Nd5 Bxd5 11. exd5 g6 12. O-O-O Bg7 13. Kb1 Qc7 14. c4 a5 15. Na1 a4 16. Nc2 a3 17. Nxa3 Rxa3 18. bxa3 O-O 19. Bd3 Ra8 20. Qb4 Nc5 21. Bc2 Nfd7 22. Kc1 Ra6 1/2-1/2

[Event "RUS-ch Men Blitz 2019"]
[Site "Sochi"]
[Date "2019.10.17"]
[Round "7.2"]
[White "Rublevsky, Sergei"]
[Black "Tsydypov, Zhamsaran"]
[Result "0-1"]
[ECO "B90"]
[WhiteElo "2651"]
[BlackElo "2553"]
[Annotator "RC"]
[PlyCount "116"]
[EventDate "2019.10.17"]
[EventType "swiss"]
[EventCountry "RUS"]
[SourceTitle "playchess.com"]
[Source "ChessBase"]
[SourceQuality "1"]
[TimeControl "180+2"]

1. e4 c5 2. Nf3 d6 3. d4 cxd4 4. Nxd4 Nf6 5. Nc3 a6 6. Bc4 e6 7. Bb3 Nbd7 8. Bg5 Nc5 9. O-O Be7 10. Re1 Qc7 11. f4 O-O 12. e5 dxe5 13. fxe5 Ne8 14. Bxe7 Qxe7 15. Qf3 Bd7 16. Ne4 Rd8 17. Rad1 Nxe4 18. Qxe4 Bc8 19. c3 g6 20. Nf3 Ng7 21. Qh4 Qxh4 22. Nxh4 b5 23. Nf3 Bb7 24. Kf2 Nf5 25. g4 Ne7 26. Kg3 Bxf3 27. Kxf3 g5 28. Bc2 Nc6 29. Ke4 Na5 30. Bb3 Nb7 31. Ke3 Nc5 32. Bc2 Nd7 33. Ke4 f6 34. exf6 Nxf6+ 35. Kf3 Rxd1 36. Bxd1 Nd5+ 37. Kg3 Nf4 38. Bb3 Kf7 39. h4 h6 40. hxg5 hxg5 41. Rh1 Rd8 42. Rh7+ Kf6 43. Ra7 Rd6 44. Kf3 Ke5 45. a4 Rd3+ 46. Kf2 Rd2+ 47. Kf3 Rxb2 48. Bd1 Rd2 49. Bb3 Rd3+ 50. Kf2 Rxc3 51. Bd1 b4 52. Rxa6 b3 53. Rb6 b2 54. Bf3 Rc1 55. Rb5+ Kd4 56. a5 b1=Q 57. Rxb1 Rxb1 58. a6 Ra1 0-1

[Event "RUS-ch Men Blitz 2019"]
[Site "Sochi"]
[Date "2019.10.17"]
[Round "7.5"]
[White "Bocharov, Dmitry"]
[Black "Shimanov, Aleksandr"]
[Result "1-0"]
[ECO "A33"]
[WhiteElo "2519"]
[BlackElo "2587"]
[Annotator "RC"]
[PlyCount "92"]
[EventDate "2019.10.17"]
[EventType "swiss"]
[EventCountry "RUS"]
[SourceTitle "playchess.com"]
[Source "ChessBase"]
[SourceQuality "1"]
[TimeControl "180+2"]

1. c4 c5 2. Nf3 Nf6 3. Nc3 Nc6 4. d4 cxd4 5. Nxd4 e6 6. a3 Be7 7. e4 O-O 8. Nf3 Qc7 9. Be2 b6 10. O-O Bb7 11. Bg5 Rfd8 12. Rc1 Ne5 13. Nd4 Ng6 14. Bf3 Ng4 15. Bxg4 Bxg5 16. Rc2 a6 17. g3 Bf6 18. Be2 Rac8 19. Rd2 Ne5 20. Qb3 Ba8 21. Rfd1 Nxc4 22. Bxc4 Qxc4 23. Qxb6 Rb8 24. Qd6 g6 25. Qf4 Bg7 26. Nf3 d5 27. Ng5 Rf8 28. exd5 Qxf4 29. gxf4 exd5 30. Nxd5 Bxb2 31. a4 a5 32. Ne4 Kg7 33. Nc5 Rfd8 34. Nc7 Rxd2 35. Rxd2 Bc3 36. Rd1 Bf3 37. Rc1 Bd2 38. Ra1 Rc8 39. N7a6 Bxf4 40. Ra3 Bc6 41. Rb3 Re8 42. Kf1 Bd5 43. Rc3 Bxh2 44. Nd7 h5 45. Nc7 Bxc7 46. Rxc7 Re7 1-0

[Event "RUS-ch Men Blitz 2019"]
[Site "Sochi"]
[Date "2019.10.17"]
[Round "7.10"]
[White "Gutenev, Alexander"]
[Black "Lysyj, Igor"]
[Result "0-1"]
[ECO "C78"]
[WhiteElo "2469"]
[BlackElo "2596"]
[Annotator "RC"]
[PlyCount "64"]
[EventDate "2019.10.17"]
[EventType "swiss"]
[EventCountry "RUS"]
[SourceTitle "playchess.com"]
[Source "ChessBase"]
[SourceQuality "1"]
[TimeControl "180+2"]

1. e4 e5 2. Nf3 Nc6 3. Bb5 a6 4. Ba4 Nf6 5. O-O Bc5 6. d3 d6 7. c3 O-O 8. h3 Ne7 9. Be3 Bxe3 10. fxe3 Ng6 11. c4 c6 12. Nc3 h6 13. Qd2 b5 14. cxb5 axb5 15. Bb3 Qb6 16. Kh2 Be6 17. Bxe6 fxe6 18. a3 d5 19. exd5 exd5 20. d4 e4 21. Ng1 Nh5 22. Nge2 Nh4 23. Kg1 Qc7 24. Nf4 Nxf4 25. exf4 Nf5 26. Ne2 c5 27. Rac1 c4 28. Rc3 Rae8 29. Rd1 e3 30. Qc1 Qe7 31. Rf1 Qe4 32. Qd1 Nh4 0-1

[Event "RUS-ch Men Blitz 2019"]
[Site "Sochi"]
[Date "2019.10.17"]
[Round "7.11"]
[White "Yuffa, Daniil"]
[Black "Bryakin, Mikhail"]
[Result "1-0"]
[ECO "D15"]
[WhiteElo "2577"]
[BlackElo "2440"]
[Annotator "ChessBase"]
[PlyCount "61"]
[EventDate "2019.10.17"]
[EventType "swiss"]
[EventCountry "RUS"]
[SourceTitle "playchess.com"]
[Source "ChessBase"]
[SourceQuality "1"]
[TimeControl "180+2"]

1. d4 Nf6 2. c4 c6 3. Nc3 d5 4. Nf3 a6 5. e3 b5 6. b3 Bg4 7. a4 bxc4 8. bxc4 e6 9. c5 Nbd7 10. a5 e5 11. Qa4 Bxf3 12. gxf3 Qc7 13. Rb1 Be7 14. Bh3 O-O 15. O-O exd4 16. exd4 Rad8 17. Bg5 Rfe8 18. Bh4 Nh5 19. Bg3 Nxg3 20. hxg3 Bf6 21. Bxd7 Qxd7 22. Rb6 Qf5 23. Qd1 h5 24. Rxc6 h4 25. Kg2 hxg3 26. fxg3 Re3 27. Ne2 Rde8 28. Rf2 Rd3 29. Qc2 Rxe2 30. Qxe2 Bxd4 31. g4 1-0

[Event "RUS-ch Men Blitz 2019"]
[Site "Sochi"]
[Date "2019.10.17"]
[Round "7.12"]
[White "Khegay, Dmitriy"]
[Black "Smagin, Sergey"]
[Result "1-0"]
[ECO "C50"]
[WhiteElo "2509"]
[BlackElo "2551"]
[Annotator "ChessBase"]
[PlyCount "71"]
[EventDate "2019.10.17"]
[EventType "swiss"]
[EventCountry "RUS"]
[SourceTitle "playchess.com"]
[Source "ChessBase"]
[SourceQuality "1"]
[TimeControl "180+2"]

1. e4 e5 2. Nf3 Nc6 3. Bc4 Nf6 4. d3 Bc5 5. c3 O-O 6. Bb3 a6 7. Nbd2 Ba7 8. Nf1 d5 9. exd5 Nxd5 10. Ng3 Nf4 11. Bxf4 exf4 12. Ne4 Na5 13. O-O Nxb3 14. axb3 f5 15. Neg5 h6 16. Nh3 g5 17. Ne5 c5 18. Qh5 Qf6 19. Ng6 Rf7 20. Rae1 Bd7 21. Qxh6 Rh7 22. Qxg5 Qxg5 23. Nxg5 Rg7 24. Ne5 Rxg5 25. Nxd7 f3 26. g3 f4 27. Ne5 fxg3 28. hxg3 c4 29. d4 cxb3 30. Nxf3 Ra5 31. Nd2 Ra2 32. Rb1 Re8 33. Nxb3 Re2 34. Nc1 Rexb2 35. Nxa2 Rxa2 36. Rxb7 1-0

[Event "RUS-ch Men Blitz 2019"]
[Site "Sochi"]
[Date "2019.10.17"]
[Round "7.13"]
[White "Goltsev, Dmitry"]
[Black "Potapov, Pavel"]
[Result "0-1"]
[ECO "B32"]
[WhiteElo "2309"]
[BlackElo "2489"]
[Annotator "ChessBase"]
[PlyCount "79"]
[EventDate "2019.10.17"]
[EventType "swiss"]
[EventCountry "RUS"]
[SourceTitle "playchess.com"]
[Source "ChessBase"]
[SourceQuality "1"]
[TimeControl "180+2"]

1. e4 c5 2. Nf3 Nc6 3. d4 cxd4 4. Nxd4 e5 5. Nb5 d6 6. N1c3 a6 7. Na3 Be7 8. Nd5 Nf6 9. Be3 Nxd5 10. exd5 Nb8 11. c4 O-O 12. Be2 f5 13. f3 Bh4+ 14. g3 Bg5 15. Bxg5 Qxg5 16. Qd2 f4 17. O-O-O Nd7 18. Nb1 Nc5 19. Nc3 Bd7 20. Rdg1 Qe7 21. Bd3 b5 22. Qc2 Nxd3+ 23. Qxd3 bxc4 24. Qxc4 a5 25. Rg2 Rac8 26. Qe4 Bf5 27. Qa4 Qa7 28. Re1 fxg3 29. hxg3 Bg6 30. f4 Qd4 31. Qxa5 exf4 32. Rd2 Qf6 33. gxf4 Qxf4 34. Qa7 Qf5 35. Kd1 Rxc3 36. bxc3 Qb1+ 37. Ke2 Bh5+ 38. Ke3 Qxe1+ 39. Kd3 Bg6+ 40. Kd4 0-1

[Event "RUS-ch Men Blitz 2019"]
[Site "Sochi"]
[Date "2019.10.17"]
[Round "7.14"]
[White "Rozum, Ivan"]
[Black "Dianov, Alexey"]
[Result "1-0"]
[ECO "B01"]
[WhiteElo "2599"]
[BlackElo "2158"]
[Annotator "ChessBase"]
[PlyCount "61"]
[EventDate "2019.10.17"]
[EventType "swiss"]
[EventCountry "RUS"]
[SourceTitle "playchess.com"]
[Source "ChessBase"]
[SourceQuality "1"]
[TimeControl "180+2"]

1. e4 d5 2. exd5 Qxd5 3. Nc3 Qd8 4. d4 Nf6 5. Nf3 Bg4 6. h3 Bxf3 7. Qxf3 c6 8. Bd3 Qxd4 9. O-O e6 10. Ne4 Be7 11. Rd1 Nxe4 12. Bxe4 Qf6 13. Qb3 b6 14. a4 O-O 15. Be3 Rc8 16. a5 Na6 17. axb6 axb6 18. Qxb6 Nb4 19. Rxa8 Rxa8 20. Qb7 Re8 21. Bd4 Qh4 22. Bxc6 Nxc6 23. Qxc6 Rd8 24. g3 Qxh3 25. Qc7 Bf6 26. c3 e5 27. Re1 Rc8 28. Rxe5 Bxe5 29. Qxe5 Qh6 30. b4 Qg6 31. b5 1-0

[Event "RUS-ch Men Blitz 2019"]
[Site "Sochi"]
[Date "2019.10.17"]
[Round "7.15"]
[White "Timofeev, Artyom"]
[Black "Apryshko, Gleb"]
[Result "1-0"]
[ECO "A20"]
[WhiteElo "2595"]
[BlackElo "2382"]
[Annotator "RC"]
[PlyCount "141"]
[EventDate "2019.10.17"]
[EventType "swiss"]
[EventCountry "RUS"]
[SourceTitle "playchess.com"]
[Source "ChessBase"]
[SourceQuality "1"]
[TimeControl "180+2"]

1. c4 e5 2. e3 Nc6 3. Nc3 Nf6 4. d3 Bc5 5. Nf3 d6 6. g3 a6 7. Bg2 O-O 8. O-O h6 9. h3 Rb8 10. b3 b5 11. Bb2 e4 12. Nd2 bxc4 13. dxc4 Ne5 14. Ncxe4 Nxe4 15. Nxe4 Nxc4 16. Nxc5 Nxb2 17. Qc2 dxc5 18. Qxb2 c4 19. Qc3 cxb3 20. axb3 Be6 21. Rxa6 Rxb3 22. Qc2 Qc8 23. Rc6 Rb7 24. Rxe6 fxe6 25. Bxb7 Qxb7 26. Rc1 Qf3 27. Qd2 Rf7 28. Rc2 h5 29. h4 Kh7 30. Qd3+ Rf5 31. Rd2 c5 32. Qc4 Re5 33. Qf4 Qe4 34. Qxe4+ Rxe4 35. Rd6 Kg6 36. Rc6 Re5 37. Kg2 Kf6 38. Kf3 Rd5 39. Ke4 Rd2 40. f3 Rd5 41. g4 hxg4 42. fxg4 g5 43. h5 Re5+ 44. Kd3 Rd5+ 45. Ke4 Re5+ 46. Kf3 Rd5 47. Rc8 Re5 48. Rg8 Kf7 49. Rc8 Kg7 50. e4 Kf7 51. Ke3 Kg7 52. Kd3 Kf7 53. Rc7+ Kg8 54. Re7 Kf8 55. Rc7 Kg8 56. h6 Kh8 57. h7 c4+ 58. Kd4 Ra5 59. Kxc4 Ra4+ 60. Kd3 e5 61. Re7 Ra3+ 62. Kc4 Rg3 63. Rxe5 Rxg4 64. Re7 Rg1 65. e5 Rd1 66. e6 g4 67. Rf7 g3 68. e7 Rc1+ 69. Kd3 Re1 70. Rf8+ Kxh7 71. e8=Q 1-0

[Event "RUS-ch Men Blitz 2019"]
[Site "Sochi"]
[Date "2019.10.17"]
[Round "7.18"]
[White "Denishev, Marat"]
[Black "Lugovskoy, Maxim"]
[Result "0-1"]
[ECO "D02"]
[WhiteElo "2167"]
[BlackElo "2436"]
[Annotator "NA"]
[PlyCount "57"]
[EventDate "2019.10.17"]
[EventType "swiss"]
[EventCountry "RUS"]
[SourceTitle "playchess.com"]
[Source "ChessBase"]
[SourceQuality "1"]
[TimeControl "180+2"]

1. d4 d5 2. Nf3 e6 3. c4 a6 4. cxd5 exd5 5. Nc3 c6 6. Bf4 Bd6 7. g3 Ne7 8. e3 Ng6 9. Bd3 Qe7 10. Bxd6 Qxd6 11. Qc2 Bg4 12. Be2 Nd7 13. h3 Bxf3 14. Bxf3 O-O 15. h4 Rfe8 16. h5 Ngf8 17. O-O Nf6 18. Kg2 h6 19. Ne2 Ne6 20. Nf4 Ng5 21. Be2 Re7 22. Nd3 Nd7 23. Bg4 Nf6 24. Be2 Nd7 25. Bg4 Rae8 26. Bxd7 Qxd7 27. Ne5 Qh3+ 28. Kg1 Rxe5 29. Qd1 0-1

[Event "RUS-ch Men Blitz 2019"]
[Site "Sochi"]
[Date "2019.10.17"]
[Round "7.19"]
[White "Papin, Vasily"]
[Black "Linker, Mikhail"]
[Result "1-0"]
[ECO "E63"]
[WhiteElo "2481"]
[BlackElo "2269"]
[Annotator "ChessBase"]
[PlyCount "71"]
[EventDate "2019.10.17"]
[EventType "swiss"]
[EventCountry "RUS"]
[SourceTitle "playchess.com"]
[Source "ChessBase"]
[SourceQuality "1"]
[TimeControl "180+2"]

1. c4 Nf6 2. Nc3 g6 3. g3 Bg7 4. Bg2 O-O 5. d4 d6 6. Nf3 Nc6 7. O-O a6 8. Bf4 Rb8 9. Rc1 Bd7 10. Qd2 e6 11. Bh6 b5 12. Bxg7 Kxg7 13. cxb5 axb5 14. d5 Ne7 15. dxe6 Bxe6 16. b3 c5 17. Ng5 d5 18. Rfd1 d4 19. Nxe6+ fxe6 20. Ne4 Nxe4 21. Bxe4 Qd6 22. b4 Qe5 23. Bf3 Qf6 24. bxc5 e5 25. c6 Rbc8 26. c7 Qd6 27. Qa5 Nd5 28. Qxb5 Nxc7 29. Qb7 Kh8 30. Bg4 Qf6 31. Bxc8 Qxf2+ 32. Kh1 Qxe2 33. Re1 Qd2 34. Qxc7 Rf2 35. Qxe5+ Kg8 36. Be6+ 1-0

[Event "RUS-ch Men Blitz 2019"]
[Site "Sochi"]
[Date "2019.10.17"]
[Round "7.24"]
[White "Sysolyatin, Evgeny"]
[Black "Belyakov, Bogdan"]
[Result "0-1"]
[ECO "C65"]
[WhiteElo "2271"]
[BlackElo "2495"]
[Annotator "ChessBase"]
[PlyCount "56"]
[EventDate "2019.10.17"]
[EventType "swiss"]
[EventCountry "RUS"]
[SourceTitle "playchess.com"]
[Source "ChessBase"]
[SourceQuality "1"]
[TimeControl "180+2"]

1. e4 e5 2. Nf3 Nc6 3. Bb5 Nf6 4. d3 Bc5 5. O-O d6 6. h3 O-O 7. c3 a6 8. Ba4 Ba7 9. Re1 Ne7 10. d4 Ng6 11. Nbd2 Nh5 12. Nf1 Nhf4 13. Ng3 Qf6 14. Bc2 h6 15. Be3 c5 16. dxe5 dxe5 17. Nf5 Rd8 18. Qc1 Be6 19. Kh2 Nd3 20. Bxd3 Rxd3 21. Ng3 Rad8 22. Nh5 Qe7 23. Bxh6 Rxf3 24. gxf3 Qh4 25. Nxg7 Qxf2+ 26. Kh1 Qxf3+ 27. Kg1 c4+ 28. Be3 Bxh3 0-1

[Event "RUS-ch Men Blitz 2019"]
[Site "Sochi"]
[Date "2019.10.17"]
[Round "7.26"]
[White "Gogolev, Artem"]
[Black "Utnasunov, Alexander"]
[Result "0-1"]
[ECO "D11"]
[WhiteElo "2339"]
[BlackElo "2442"]
[Annotator "NA"]
[PlyCount "40"]
[EventDate "2019.10.17"]
[EventType "swiss"]
[EventCountry "RUS"]
[SourceTitle "playchess.com"]
[Source "ChessBase"]
[SourceQuality "1"]
[TimeControl "180+2"]

1. d4 d5 2. c4 c6 3. Nf3 Nf6 4. e3 e6 5. b3 Nbd7 6. Be2 Bb4+ 7. Nbd2 Ne4 8. Qc2 f5 9. O-O Qf6 10. Bb2 Bd6 11. a4 Qh6 12. Ba3 Bc7 13. cxd5 exd5 14. b4 O-O 15. b5 Rf6 16. Bb2 Rg6 17. Ne5 Qh3 18. g3 Nxe5 19. dxe5 Nxd2 20. Qxd2 Rh6 0-1

[Event "RUS-ch Men Blitz 2019"]
[Site "Sochi"]
[Date "2019.10.17"]
[Round "7.27"]
[White "Chekletsov, Ilya"]
[Black "Faizrakhmanov, Ramil"]
[Result "1-0"]
[ECO "E04"]
[WhiteElo "2377"]
[BlackElo "2434"]
[Annotator "RC"]
[PlyCount "91"]
[EventDate "2019.10.17"]
[EventType "swiss"]
[EventCountry "RUS"]
[SourceTitle "playchess.com"]
[Source "ChessBase"]
[SourceQuality "1"]
[TimeControl "180+2"]

1. d4 Nf6 2. c4 e6 3. g3 d5 4. Bg2 dxc4 5. Nf3 Bb4+ 6. Nc3 Nc6 7. O-O O-O 8. Bg5 h6 9. Bxf6 Qxf6 10. Rc1 Rd8 11. Ne4 Qe7 12. Rxc4 e5 13. a3 Ba5 14. b4 Bb6 15. d5 Nd4 16. Nxd4 exd4 17. Nc5 a5 18. Rxd4 axb4 19. axb4 Bxc5 20. bxc5 Qxc5 21. Qd2 Ra3 22. Rc1 Qb6 23. Qb4 Qa6 24. e3 Ra2 25. Qc4 Ra1 26. Bf1 Rxc1 27. Qxc1 Qa5 28. Bg2 Bf5 29. g4 Bg6 30. h4 h5 31. gxh5 Bxh5 32. Rc4 c6 33. Rc5 Qb6 34. e4 cxd5 35. exd5 Qg6 36. Qg5 Qxg5 37. hxg5 Bg4 38. Rb5 Rd7 39. Be4 g6 40. Kg2 Kg7 41. Kg3 Be2 42. Rb6 Bc4 43. d6 Ba6 44. f4 f6 45. Kf3 fxg5 46. fxg5 1-0

[Event "RUS-ch Men Blitz 2019"]
[Site "Sochi"]
[Date "2019.10.17"]
[Round "7.28"]
[White "Yeritsyan, Aram"]
[Black "Gubsky, Egor"]
[Result "0-1"]
[ECO "B30"]
[WhiteElo "2271"]
[BlackElo "2339"]
[Annotator "NA"]
[PlyCount "58"]
[EventDate "2019.10.17"]
[EventType "swiss"]
[EventCountry "RUS"]
[SourceTitle "playchess.com"]
[Source "ChessBase"]
[SourceQuality "1"]
[TimeControl "180+2"]

1. e4 c5 2. Nf3 Nc6 3. Nc3 e6 4. Bb5 Nge7 5. O-O a6 6. Bxc6 Nxc6 7. d4 cxd4 8. Nxd4 Be7 9. Be3 O-O 10. Qe2 Qc7 11. Rad1 b5 12. a3 Bb7 13. f4 d6 14. Kh1 Na5 15. f5 e5 16. Nb3 Nc4 17. Bc1 Bf6 18. Nd5 Bxd5 19. exd5 Qe7 20. Qe4 Kh8 21. Rd3 Bg5 22. Bxg5 Qxg5 23. f6 gxf6 24. Rg3 Qh6 25. Rh3 Qg6 26. Rf5 Rg8 27. Qf3 e4 28. Qxe4 Rae8 29. Qd3 Qxg2# {[%emt 0:00:03] Qd1} 0-1

[Event "RUS-ch Men Blitz 2019"]
[Site "Sochi"]
[Date "2019.10.17"]
[Round "7.29"]
[White "Korchmar, Vasiliy"]
[Black "Popov, Maksim"]
[Result "1-0"]
[ECO "E04"]
[WhiteElo "2432"]
[BlackElo "1935"]
[Annotator "NA RC"]
[PlyCount "95"]
[EventDate "2019.10.17"]
[EventType "swiss"]
[EventCountry "RUS"]
[SourceTitle "playchess.com"]
[Source "ChessBase"]
[SourceQuality "1"]
[TimeControl "180+2"]

1. d4 Nf6 2. c4 e6 3. g3 d5 4. Bg2 dxc4 5. Nf3 a6 6. O-O Nc6 7. e3 Rb8 8. Nfd2 e5 9. Bxc6+ bxc6 10. dxe5 Ng4 11. Nxc4 Be6 12. Nbd2 Bb4 13. b3 h5 14. Qe2 h4 15. f3 Bxd2 16. Qxd2 hxg3 17. Qxd8+ Rxd8 18. hxg3 Nh2 19. Rf2 Rd1+ 20. Kg2 Bh3+ 21. Kxh2 Bf1+ 22. Kg1 Bxc4+ 23. Kg2 Rhh1 24. Bb2 Rxa1 25. Bxa1 Rxa1 26. bxc4 Rc1 27. f4 Rxc4 28. Kf3 Ke7 29. g4 Ke6 30. Rd2 Rc3 31. Ke4 g6 32. f5+ gxf5+ 33. gxf5+ Ke7 34. Kd4 Ra3 35. Rc2 Kd7 36. Ke4 Ra4+ 37. Kf3 Ra5 38. Kf4 Rd5 39. e4 Rd1 40. Kg5 Re1 41. Rc4 c5 42. Kf6 Ke8 43. Rxc5 Rxe4 44. Rxc7 Ra4 45. Re7+ Kd8 46. Rxf7 Rxa2 47. e6 Re2 48. Ra7 1-0

[Event "RUS-ch Men Blitz 2019"]
[Site "Sochi"]
[Date "2019.10.17"]
[Round "8.1"]
[White "Tsydypov, Zhamsaran"]
[Black "Drygalov, Andrey"]
[Result "0-1"]
[ECO "A22"]
[WhiteElo "2553"]
[BlackElo "2484"]
[Annotator "RC"]
[PlyCount "136"]
[EventDate "2019.10.17"]
[EventType "swiss"]
[EventCountry "RUS"]
[SourceTitle "playchess.com"]
[Source "ChessBase"]
[SourceQuality "1"]
[TimeControl "180+2"]

1. c4 Nf6 2. Nc3 e5 3. g3 d5 4. cxd5 Nxd5 5. Bg2 Nb6 6. e3 Bd6 7. Nge2 O-O 8. O-O Nc6 9. f4 exf4 10. Nxf4 Ne5 11. d4 Ng6 12. Nd3 c6 13. e4 Be7 14. Be3 f5 15. Qb3+ Kh8 16. e5 Bg5 17. Bxg5 Qxg5 18. Nf4 Nxf4 19. gxf4 Qg6 20. Kh1 Be6 21. Qb4 Rfd8 22. Rad1 Qf7 23. Qa3 Nc4 24. Qb4 Ne3 25. Bf3 Nxf1 26. Rxf1 Rd7 27. Rd1 Rad8 28. Qc5 b6 29. Qxc6 Rxd4 30. Rxd4 Rxd4 31. Nb5 Rxf4 32. Nd6 Qg8 33. Kg1 Bxa2 34. Bg2 Be6 35. Qb7 Rb4 36. Qxa7 Rxb2 37. h4 h6 38. Qe7 Re2 39. Qc7 Rxe5 40. Nf7+ Qxf7 41. Qxe5 Kh7 42. Bf1 Qf6 43. Qf4 Qg6+ 44. Bg2 Qg4 45. Qe5 Bf7 46. Kf1 Bc4+ 47. Kg1 Bf7 48. Kf1 Bg6 49. Qb5 Qxh4 50. Qxb6 Qf4+ 51. Kg1 Qe5 52. Qb4 f4 53. Kh1 Qe3 54. Qb7 Qe1+ 55. Kh2 Qg3+ 56. Kh1 h5 57. Qd5 h4 58. Qe6 f3 59. Bf1 f2 60. Bg2 Qf4 61. Qe2 Kh6 62. Qf1 Be4 63. Qa6+ g6 64. Qf1 Bxg2+ 65. Kxg2 Qg3+ 66. Kh1 Qf3+ 67. Kh2 Qg3+ 68. Kh1 Qg1+ 0-1

[Event "RUS-ch Men Blitz 2019"]
[Site "Sochi"]
[Date "2019.10.17"]
[Round "8.6"]
[White "Lysyj, Igor"]
[Black "Triapishko, Alexandr"]
[Result "1/2-1/2"]
[ECO "E04"]
[WhiteElo "2596"]
[BlackElo "2514"]
[Annotator "ChessBase"]
[PlyCount "119"]
[EventDate "2019.10.17"]
[EventType "swiss"]
[EventCountry "RUS"]
[SourceTitle "playchess.com"]
[Source "ChessBase"]
[SourceQuality "1"]
[TimeControl "180+2"]

1. d4 Nf6 2. c4 e6 3. Nf3 d5 4. g3 dxc4 5. Bg2 Bb4+ 6. Bd2 c5 7. Bxb4 cxb4 8. Ne5 O-O 9. O-O Nc6 10. Bxc6 bxc6 11. a3 bxa3 12. Nxa3 Qd5 13. Naxc4 c5 14. dxc5 Qxc5 15. Qd6 Ne4 16. Qxc5 Nxc5 17. b4 Nb3 18. Ra3 Nd4 19. Rd1 Nb5 20. Ra5 Nc3 21. Rd3 Nd5 22. b5 f6 23. Nc6 Bd7 24. e4 Bxc6 25. bxc6 Nb4 26. Rd6 Rac8 27. Rc5 Na6 28. Rb5 Nb8 29. Na5 Na6 30. Rd7 Rf7 31. Rbb7 Rcf8 32. Rxa7 Rxd7 33. Rxd7 Nb8 34. Re7 Rc8 35. Rxe6 Kf7 36. Rd6 Ke7 37. Rd1 Nxc6 38. Rc1 Na7 39. Rxc8 Nxc8 40. f3 Kd6 41. Nc4+ Kc5 42. Ne3 Nd6 43. Kf2 Kd4 44. g4 g6 45. h4 h5 46. gxh5 gxh5 47. Nc2+ Ke5 48. Ne3 Kd4 49. Nc2+ Ke5 50. Nb4 f5 51. Nc6+ Kf4 52. e5 Nc8 53. e6 Nd6 54. e7 Ne8 55. Ke2 Nf6 56. Nd4 Ke5 57. Nb5 Ke6 58. Ke3 Nd5+ 59. Kd4 Nxe7 60. Ke3 1/2-1/2

[Event "RUS-ch Men Blitz 2019"]
[Site "Sochi"]
[Date "2019.10.17"]
[Round "8.10"]
[White "Ulybin, Mikhail"]
[Black "Timofeev, Artyom"]
[Result "1/2-1/2"]
[ECO "D85"]
[WhiteElo "2455"]
[BlackElo "2595"]
[Annotator "ChessBase"]
[PlyCount "137"]
[EventDate "2019.10.17"]
[EventType "swiss"]
[EventCountry "RUS"]
[SourceTitle "playchess.com"]
[Source "ChessBase"]
[SourceQuality "1"]
[TimeControl "180+2"]

1. d4 Nf6 2. c4 g6 3. Nc3 d5 4. cxd5 Nxd5 5. Bd2 Bg7 6. e4 Nf6 7. Bg5 O-O 8. Qd2 c5 9. d5 a6 10. a4 Nbd7 11. Nf3 Rb8 12. a5 b5 13. axb6 Qxb6 14. Ra2 Qb3 15. Bd3 e6 16. Bc2 Qc4 17. Bd3 Qb4 18. O-O exd5 19. exd5 Nb6 20. d6 Be6 21. Rxa6 Nc4 22. Bxc4 Bxc4 23. Ra4 Bxf1 24. Rxb4 cxb4 25. Kxf1 bxc3 26. Qxc3 Ne4 27. Qe3 Nxg5 28. Nxg5 Rxb2 29. g3 Bh6 30. h4 Rb1+ 31. Kg2 Bxg5 32. hxg5 Rd1 33. Qe7 Rd3 34. d7 Kg7 35. Qf6+ Kg8 36. Qe7 Kg7 37. Kf1 Rd2 38. Ke1 Rd5 39. Ke2 Kg8 40. Ke3 Rd1 41. Kf4 Rd2 42. f3 Rd3 43. g4 Rd1 44. Kg3 Rd3 45. Kf2 Rd5 46. f4 Rd4 47. Ke3 Rd1 48. Ke2 Rd5 49. Kf3 Rd1 50. Kf2 Rd5 51. Ke2 Rd4 52. f5 Rd5 53. Ke3 Rd1 54. Kf2 Rd5 55. f6 Rd1 56. Ke2 Rd5 57. Ke3 Rd1 58. Kf2 Rd5 59. Qe8 Rd1 60. Ke2 Rd5 61. Qc8 Rd6 62. Ke3 Rd1 63. Ke4 Rd2 64. Ke5 Rd1 65. Ke4 Rd2 66. Ke3 Rd1 67. Ke2 Rd5 68. Ke3 Rd1 69. Ke4 1/2-1/2

[Event "RUS-ch Men Blitz 2019"]
[Site "Sochi"]
[Date "2019.10.17"]
[Round "8.12"]
[White "Glek, Igor"]
[Black "Bocharov, Dmitry"]
[Result "0-1"]
[ECO "B06"]
[WhiteElo "2467"]
[BlackElo "2519"]
[Annotator "ChessBase"]
[PlyCount "41"]
[EventDate "2019.10.17"]
[EventType "swiss"]
[EventCountry "RUS"]
[SourceTitle "playchess.com"]
[Source "ChessBase"]
[SourceQuality "1"]
[TimeControl "180+2"]

1. e4 g6 2. d4 Bg7 3. Nc3 d6 4. f4 a6 5. Nf3 b5 6. a4 b4 7. Nd5 Bb7 8. Bd3 a5 9. c3 e6 10. Ne3 bxc3 11. bxc3 Nf6 12. e5 Nd5 13. Nxd5 Bxd5 14. O-O O-O 15. Be3 Nd7 16. Ng5 c5 17. Ne4 cxd4 18. cxd4 dxe5 19. dxe5 Rb8 20. Nc5 Qb6 21. Qc1 0-1

[Event "RUS-ch Men Blitz 2019"]
[Site "Sochi"]
[Date "2019.10.17"]
[Round "8.13"]
[White "Pridorozhni, Aleksei"]
[Black "Korchmar, Vasiliy"]
[Result "1-0"]
[ECO "B23"]
[WhiteElo "2599"]
[BlackElo "2432"]
[Annotator "ChessBase"]
[PlyCount "49"]
[EventDate "2019.10.17"]
[EventType "swiss"]
[EventCountry "RUS"]
[SourceTitle "playchess.com"]
[Source "ChessBase"]
[SourceQuality "1"]
[TimeControl "180+2"]

1. e4 c5 2. Nc3 d6 3. f4 g6 4. d4 Bg7 5. dxc5 Qa5 6. cxd6 exd6 7. Bd3 Nf6 8. Nf3 O-O 9. O-O Nc6 10. Kh1 Re8 11. Bd2 Qb6 12. Rb1 Bg4 13. h3 Bxf3 14. Qxf3 Nb4 15. Be3 Qa5 16. a3 Nxd3 17. cxd3 Rac8 18. Qf2 b6 19. Bd4 Qa6 20. Rbd1 Qb7 21. f5 Rf8 22. Bxf6 Bxf6 23. Nd5 Bg5 24. Qg3 Bh6 25. Qh4 1-0

[Event "RUS-ch Men Blitz 2019"]
[Site "Sochi"]
[Date "2019.10.17"]
[Round "8.18"]
[White "Savitskiy, Sergey"]
[Black "Vastrukhin, Oleg"]
[Result "1-0"]
[ECO "A04"]
[WhiteElo "2407"]
[BlackElo "2428"]
[Annotator "RC"]
[PlyCount "73"]
[EventDate "2019.10.17"]
[EventType "swiss"]
[EventCountry "RUS"]
[SourceTitle "playchess.com"]
[Source "ChessBase"]
[SourceQuality "1"]
[TimeControl "180+2"]

1. Nf3 g6 2. g3 Bg7 3. Bg2 c5 4. O-O Nc6 5. d3 e6 6. Nc3 Nge7 7. Rb1 O-O 8. a3 b6 9. Bd2 Bb7 10. b4 d6 11. bxc5 dxc5 12. Ne4 h6 13. Nxc5 Bc8 14. Nb3 g5 15. c3 Bb7 16. h4 g4 17. Nfd4 Qd7 18. Nxc6 Bxc6 19. Bxc6 Qxc6 20. c4 f5 21. Qc1 Kh7 22. Bc3 e5 23. Qb2 Qe6 24. a4 f4 25. Nd2 Nf5 26. Ne4 Nd6 27. Nxd6 Qxd6 28. Bb4 Qe6 29. Bxf8 Rxf8 30. Qc2 Rf7 31. e4 Bf8 32. d4 exd4 33. e5+ Kg7 34. Qe4 d3 35. Qd5 Qg6 36. e6 Rc7 37. Qe5+ 1-0